 Dungeon Crawl Stone Soup version 0.20-a0-317-gc038824 (webtiles) character file.

409082 tstststs the Executioner (level 22, -6/206 HPs)
             Began as a Minotaur Fighter on Dec 21, 2016.
             Was the Champion of Okawaru.
             Mangled by a golden dragon (7 damage)
             ... while paralysed by an ancient lich
             ... on level 5 of the Vaults.
             The game lasted 01:59:08 (44979 turns).

tstststs the Executioner (Minotaur Fighter)        Turns: 44979, Time: 01:59:09

Health: -6/206     AC: 37    Str: 31    XL:     22   Next: 43%
Magic:  20/24      EV:  2    Int:  5    God:    Okawaru [******]
Gold:   3472       SH:  0    Dex: 13    Spells: 19/21 levels left

rFire  + + .     SeeInvis .     b - +8 broad axe (elec)
rCold  + . .     Gourm    .     z - +3 plate armour {rF+}
rNeg   . . .     Faith    .     V - +0 shield {AC+3}
rPois  +         Spirit   .     (helmet unavailable)
rElec  .         Reflect  .     M - +2 cloak {MR+}
rCorr  .         Harm     .     Z - +1 pair of gloves {Str+3}
MR     ++...                    Q - +2 pair of boots {run}
Stlth  ..........               a - amulet "Teicotiz" {+Inv rF+ rC+ Regen+}
                                P - +5 ring of evasion
                                T - ring of poison resistance

@: paralysed, finesse, marked, very slightly contaminated, hasted, drained,
invisible, quick
A: retaliatory headbutt, horns 3, icy blue scales 1, mutation resistance 1
}: 2/15 runes: decaying, gossamer
a: Heroism, Finesse, Renounce Religion


You were on level 5 of the Vaults.
You worshipped Okawaru.
Okawaru was exalted by your worship.
You were not hungry.

You visited 8 branches of the dungeon, and saw 38 of its levels.
You visited the Abyss 1 time.

You collected 4448 gold pieces.
You spent 976 gold pieces at shops.

Inventory:

Hand Weapons
 b - a +8 broad axe of electrocution (weapon)
 i - a +4 broad axe of flaming
Armour
 z - a +3 plate armour of fire resistance (worn)
 M - a +2 cloak of magic resistance (worn)
 Q - a +2 pair of boots of running (worn)
 V - a +0 shield of protection (worn)
 Z - a +1 pair of gloves of strength (worn)
Jewellery
 a - the amulet "Teicotiz" (around neck) {+Inv rF+ rC+ Regen+}
   (You found it on level 4 of the Lair of Beasts)

   [amulet of regeneration]

   It protects you from fire.
   It protects you from cold.
   It lets you turn invisible.
   It increases your rate of regeneration.
 q - an uncursed ring of protection from magic
 D - an uncursed ring of protection from magic
 P - a +5 ring of evasion (right hand)
 T - a ring of poison resistance (left hand)
Wands
 g - a wand of heal wounds (6/9)
 o - a wand of teleportation (5/9)
 w - a wand of teleportation (3/9)
 A - a wand of digging (10/24)
 L - a wand of iceblast (5/15)
 U - a wand of disintegration (11/24)
Scrolls
 d - 2 scrolls of blinking
 j - 17 scrolls of remove curse
 k - 4 scrolls of amnesia
 n - 3 scrolls of magic mapping
 p - 2 scrolls of fear
 y - 3 scrolls of identify
 C - 4 scrolls of immolation
 H - 8 scrolls of recharging
 K - 5 scrolls of fog
 X - 6 scrolls of teleportation
Potions
 e - 2 potions of magic
 h - a potion of berserk rage
 l - 2 potions of heal wounds
 m - 6 potions of brilliance
 s - 3 potions of lignification
 x - 13 potions of curing
 B - a potion of haste
 E - 2 potions of ambrosia
 N - 2 potions of flight
 O - 5 potions of cancellation
Comestibles
 f - 21 bread rations
 u - 29 meat rations
 F - 24 fruits
 G - a slice of pizza
 R - 3 beef jerkies


   Skills:
 + Level 19.6(19.0) Fighting
 * Level 25.7(25.0) Axes
 + Level 19.8(19.2) Armour
 + Level 17.4(16.8) Dodging
 + Level 19.1(18.5) Shields
 - Level 4.0(3.6) Invocations


You had 19 spell levels left.
You knew the following spells:

 Your Spells              Type           Power        Failure   Level  Hunger
a - Repel Missiles        Chrm/Air       #.....       100%        2    ###....


Dungeon Overview and Level Annotations

Branches:
Dungeon (15/15)            Temple (1/1) D:5            Lair (6/6) D:8
  Swamp (4/4) Lair:4       Spider (4/4) Lair:4        Slime (0/5) Lair:6
    Orc (2/2) D:11            Elf (0/3) Orc:2        Vaults (5/5) D:14
  Crypt (0/3) Vaults:2     Depths (1/5) D:15

Altars:
Ashenzari
Cheibriados
Dithmenos
Elyvilon
Fedhas
Gozag
Hepliaklqana
Kikubaaqudgha
Makhleb
Nemelex Xobeh
Okawaru
Qazlal
Ru
Sif Muna
Trog
Uskayaw
Vehumet
Xom
Yredelemnul
Zin
The Shining One
Beogh

Shops:
Orc:2 ?*[*   Vaults:2 [


Innate Abilities, Weirdness & Mutations

You reflexively headbutt those who attack you in melee.
You have a pair of large horns on your head.
You are partially covered in icy blue scales. (AC +2)
You are somewhat resistant to further mutation.


Message History

The deep elf archer shoots an arrow.
The arrow hits the large abomination!
The ironheart preserver throws a stone.
The stone hits the vault warden!!
The shadow dragon bites you but does no damage.
The shadow dragon claws you but does no damage. x2
The yaktaur captain shoots a bolt.
The bolt hits the ettin!!
A deep elf mage comes into view. It is wielding a short sword.
The wind drake changes into a spriggan!
The ancient lich is lost in a daze.
The deep elf archer shoots an arrow.
The arrow hits the deep elf sorcerer!
The vault warden hits you with a battleaxe!
* * * LOW HITPOINT WARNING * * *
The deep elf archer shoots an arrow.
The arrow hits the deep elf sorcerer!!
The large abomination is lost in a daze.
The vault warden hits you but does no damage.
The yaktaur captain shoots a bolt.
The bolt hits the stone giant!!
The yaktaur captain wields an arbalest.
The yaktaur captain shoots a bolt.
The bolt barely misses the deep elf sorcerer.
The bolt hits the titan!
The golden dragon bites you but does no damage.
The golden dragon claws you!
You die...

#....# ... #....#
... #....# # ....
#..(.# .##
....c#....#*e.##
...Q[#....#9ยง...
...hHe(Cpiec....
####DCCep(Xe####
..(..cX@DCcc....
.....xLXDee.....
..(..DDpXpe.....
...(..Yx.e......
####...c...p####
#....(......
#...#.D..#....
.#.##....#.e..


You could see 3 shadow dragons, 2 tentacled monstrosities, an iron dragon, 2
ironheart preservers, 2 titans, a golden dragon, an ancient lich (dazed), a
storm dragon, a stone giant, 3 vault wardens, a tengu reaver, 4 yaktaur
captains, a deep elf annihilator, an ettin, 3 deep elf sorcerers, a war
gargoyle, 4 deep elf archers, a manticore shaped shifter, 2 large abominations,
2 yaktaurs, 2 deep elf magi, a yak shaped shifter, a warg, 2 small abominations
and a spriggan shaped shifter.

Vanquished Creatures
  Bai Suzhen (Swamp:3)
  2 golden dragons (Vaults:5)
  A bone dragon (Abyss:2)
  Arachne (Spider:4)
  6 tentacled monstrosities
  A sphinx (Vaults:5)
  4 titans (Vaults:5)
  Kirke (Spider:4)
  8 tengu reavers
  Donald (Vaults:1)
  2 storm dragons
  The ghost of GordonOverkill the Gelid, an adept DECj of Sif Muna (Swamp:3)
  5 thorn hunters
  2 shadow dragons
  3 frost giants
  A daeva (Abyss:2)
  An iron dragon (Vaults:5)
  3 fire giants
  Aizul (Spider:3)
  An orc warlord (Vaults:4)
  Louise (D:15)
  A ghost moth (Spider:4)
  A deep elf elementalist (Vaults:5)
  8 emperor scorpions
  13 vault wardens
  17 ironheart preservers
  2 war gargoyles
  3 entropy weavers
  10 stone giants
  2 very ugly things
  A reaper (Abyss:2)
  Nessos (Lair:5)
  A deep elf demonologist (Vaults:5)
  3 deep elf annihilators
  2 spark wasps (Spider:4)
  2 ettins
  Josephine (Lair:5)
  A deep elf death mage (Vaults:5)
  Fannar (Lair:1)
  2 great orbs of eyes
  3 fire dragons
  6 rakshasas
  A hydra (shapeshifter) (Vaults:5)
  3 yaktaur captains
  3 ice dragons
  The ghost of vogonpoet the Spear-Bearer, a journeyman MfSu of Sif Muna (Lair:2)
  25 hydras
  9 centaur warriors
  A merfolk avatar (Lair:6)
  2 death knights
  35 vault guards
  A catoblepas (Lair:5)
  19 ogre magi
  An anaconda (shapeshifter) (Vaults:5)
  6 alligators
  5 deep troll earth magi
  58 two-headed ogres
  5 deep troll shamans
  3 tengu warriors
  8 death scarabs (Spider:4)
  4 thrashing horrors (Abyss:2)
  An orc high priest (Vaults:4)
  Sonja (Lair:1)
  8 deep elf knights
  2 spectral emperor scorpions (Spider:4)
  9 skeletal warriors
  A wretched star (Abyss:2)
  3 sea snakes (Lair:6)
  13 deep trolls
  11 swamp dragons
  2 unseen horrors
  3 shambling mangroves
  3 flayed ghosts
  4 spriggan druids
  3 lindwurms (Swamp:4)
  5 phantasmal warriors
  A wolf spider zombie (Spider:4)
  9 deep elf archers
  12 ironbrand convokers
  21 orc knights
  7 large abominations
  22 orb spiders
  A wizard (Vaults:2)
  2 necromancers
  6 harpies
  2 oklob plants (Lair:4)
  50 wolf spiders
  A wolf spider (shapeshifter) (Vaults:2)
  A stone giant zombie (Vaults:5)
  20 deep elf magi
  2 moths of wrath (Spider:4)
  A frost giant zombie (Vaults:5)
  2 orc sorcerers (Orc:1)
  4 manticores
  37 ugly things
  8 cyclopes
  3 centaur zombies
  4 black mambas
  16 vault sentinels
  3 human zombies
  Joseph (Lair:1)
  A frost giant skeleton (Vaults:5)
  19 spiny frogs
  2 smoke demons (Abyss:2)
  6 elephants
  An ancient zyme (Abyss:2)
  A rime drake (shapeshifter) (Vaults:2)
  A rime drake (Lair:5)
  14 komodo dragons
  15 demonic crawlers
  4 freezing wraiths
  5 kobold demonologists
  2 redback zombies (Spider:4)
  2 spectral redbacks (Spider:4)
  38 yaktaurs
  A tengu conjurer (D:11)
  A polar bear (shapeshifter) (Vaults:3)
  3 meliai (Lair:5)
  A jumping spider (shapeshifter) (Vaults:1)
  49 jumping spiders
  A queen bee (Lair:5)
  15 trolls
  28 hornets
  4 polar bears
  A wolf spider simulacrum (Abyss:2)
  3 tyrant leeches
  22 slime creatures
  4 spectral jumping spiders (Spider:4)
  2 jumping spider zombies (Spider:4)
  3 raiju (Abyss:2)
  An ettin zombie (Vaults:5)
  14 hippogriffs
  3 bog bodies
  A fire giant simulacrum (Vaults:2)
  A tarantella zombie (Spider:4)
  2 spectral tarantellas (Spider:4)
  2 human simulacra
  12 blink frogs
  5 dream sheep (Lair:6)
  A spriggan (shapeshifter) (Vaults:2)
  5 spriggans
  3 shadows
  35 tarantellas
  31 yaks
  2 vampires (D:13)
  74 redbacks
  3 wyverns
  6 wraiths
  3 neqoxecs (Abyss:2)
  Grum (D:8)
  2 basilisks
  A chaos spawn (Abyss:2)
  5 hogs (Spider:4)
  13 vampire mosquitoes
  8 hungry ghosts
  2 steam dragons
  10 insubstantial wisps
  3 acid dragons
  23 swamp worms
  5 wargs
  The ghost of Vesto the Stinger, an amateur OpVM (D:4)
  10 small abominations
  5 porcupines
  A hell hound (shapeshifter) (Vaults:1)
  9 water moccasins
  18 swamp drakes
  3 black bears
  6 ice beasts
  3 sky beasts
  3 spectral hornets (Spider:4)
  A hornet zombie (Spider:4)
  26 orc warriors
  An eye of draining (Abyss:2)
  8 starcursed masses (Abyss:2)
  17 wolves
  4 phantoms
  2 ettin simulacra (Vaults:3)
  An elf zombie (Vaults:2)
  11 boggarts
  23 centaurs
  56 ogres
  2 human skeletons
  21 crocodiles
  11 bullfrogs
  8 big kobolds
  A gnoll sergeant (Orc:1)
  A wyvern zombie (D:13)
  A glowing shapeshifter simulacrum (Vaults:4)
  A hornet simulacrum (D:14)
  11 scorpions
  2 troll zombies (D:11)
  42 killer bees
  An orc simulacrum (Vaults:2)
  6 electric eels (D:9)
  8 wights
  2 howler monkeys
  6 crimson imps
  13 hounds
  8 jellies
  2 quasits
  An elf simulacrum (Abyss:2)
  3 bullfrog skeletons
  2 bullfrog zombies
  An iron imp (Abyss:2)
  7 centaur skeletons
  22 orc wizards
  A gnoll shaman (D:7)
  23 orc priests
  4 iguanas
  Jessica (D:3)
  A hell rat (Lair:5)
  10 worker ants
  4 ogre zombies (D:11)
  2 hound skeletons
  8 gnolls
  A worker ant zombie (D:8)
  14 adders
  4 shadow imps
  2 white imps (Abyss:2)
  6 oozes
  2 worms (D:3)
  2 dart slugs (D:2)
  3 leopard geckos
  98 orcs
  3 giant cockroaches
  6 goblins
  11 hobgoblins
  13 jackals
  A quokka (D:6)
  8 bats
  9 frilled lizards
  A goblin skeleton (D:11)
  4 goblin zombies (D:11)
  3 hobgoblin zombies (D:11)
  37 kobolds
  3 orc skeletons (D:11)
  8 orc zombies (D:11)
  A quokka skeleton (D:7)
  11 rats
  8 briar patches (Swamp:2)
  3 crawling corpses (Vaults:5)
  2 fungi
  6 plants
1865 creatures vanquished.

Vanquished Creatures (others)
  A lich (Vaults:5)
  A fire giant (Vaults:5)
  2 ettins (Vaults:5)
  A yaktaur captain (Vaults:5)
  A large abomination (Vaults:5)
  A vault guard (Vaults:5)
  A deep elf archer (Vaults:5)
  An orb spider (Spider:2)
  A necromancer (Vaults:5)
  A vault sentinel (Vaults:5)
  A yaktaur (Vaults:5)
  A redback (Spider:2)
  A warg (Vaults:5)
  An ogre (Vaults:5)
  A bullfrog (D:13)
  A scorpion (D:13)
  An orc wizard (Vaults:5)
  A hound zombie (D:11)
  3 orcs (Vaults:5)
  A briar patch (Swamp:2)
  A bush (Lair:6)
  A butterfly (Lair:6)
  13 fungi
  14 plants
52 creatures vanquished.

Grand Total: 1917 creatures vanquished

Notes
Turn   | Place    | Note
-------+----------+-------------------------------------------
     0 | D:1      | tstststs the Minotaur Fighter began the quest for the Orb.
     0 | D:1      | Reached XP level 1. HP: 19/19 MP: 0/0
   141 | D:1      | Reached skill level 3 in Axes
   141 | D:1      | Reached XP level 2. HP: 21/27 MP: 1/1
   198 | D:1      | Found a glowing golden altar of the Shining One.
   347 | D:1      | Reached skill level 1 in Dodging
   476 | D:1      | Reached XP level 3. HP: 33/33 MP: 2/2
  1128 | D:2      | Found a faded altar of an unknown god.
  1398 | D:3      | Reached XP level 4. HP: 40/40 MP: 3/3
  1408 | D:3      | Noticed Jessica
  1410 | D:3      | Killed Jessica
  1410 | D:3      | Reached skill level 4 in Axes
  1493 | D:3      | Reached XP level 5. HP: 32/46 MP: 2/4
  1690 | D:3      | Noticed an ogre
  1701 | D:3      | Killed an ogre
  1701 | D:3      | Reached skill level 5 in Axes
  2197 | D:3      | Reached XP level 6. HP: 44/53 MP: 3/5
  2566 | D:4      | Reached skill level 5 in Fighting
  2704 | D:4      | Noticed Vesto's ghost (amateur OpVM)
  2720 | D:4      | Killed Vesto's ghost
  2720 | D:4      | Reached skill level 6 in Axes
  2720 | D:4      | Reached skill level 5 in Shields
  2720 | D:4      | Reached XP level 7. HP: 53/61 MP: 6/6
  2944 | D:4      | Got a bloodstained dagger
  2947 | D:4      | Identified the cursed +3 dagger of Patience {pierce, rN+} (You found it on level 4 of the Dungeon)
  2956 | D:4      | Reached skill level 5 in Armour
  3195 | D:5      | Entered Level 5 of the Dungeon
  3245 | D:5      | Found a burning altar of Makhleb.
  3294 | D:5      | Reached skill level 7 in Axes
  3424 | D:5      | Found a staircase to the Ecumenical Temple.
  3436 | Temple   | Entered the Ecumenical Temple
  3542 | D:5      | Reached XP level 8. HP: 60/70 MP: 5/7
  4196 | D:6      | Reached skill level 8 in Axes
  4483 | D:6      | Learned a level 2 spell: Repel Missiles
  5154 | D:7      | Got a dazzling dagger
  5155 | D:7      | Identified the +8 dagger "Wufium" {flame, MR+ Str+2 Dex+3 SInv} (You found it on level 7 of the Dungeon)
  5248 | D:7      | Reached skill level 9 in Axes
  5248 | D:7      | Reached XP level 9. HP: 75/78 MP: 8/8
  5343 | D:7      | Found a bloodstained altar of Trog.
  5453 | D:7      | Reached skill level 5 in Dodging
  5972 | D:8      | Reached skill level 10 in Axes
  6422 | D:8      | Paralysed by a hornet for 3 turns
  6765 | D:8      | Found a staircase to the Lair.
  7009 | D:8      | Noticed Grum
  7030 | D:8      | Killed Grum
  7030 | D:8      | Reached XP level 10. HP: 43/88 MP: 4/9
  7865 | D:9      | Reached skill level 11 in Axes
  8275 | D:9      | Noticed a two-headed ogre
  8843 | D:9      | Killed a two-headed ogre
  9274 | D:9      | Found a sparkling altar of Nemelex Xobeh.
  9282 | D:9      | Found a snail-covered altar of Cheibriados.
  9283 | D:9      | Found an iron altar of Okawaru.
  9284 | D:9      | Found a deep blue altar of Sif Muna.
  9284 | D:9      | Found an ancient bone altar of Kikubaaqudgha.
  9284 | D:9      | Found an opulent altar of Gozag.
  9285 | D:9      | Found a basalt altar of Yredelemnul.
  9286 | D:9      | Found a shattered altar of Ashenzari.
  9295 | D:9      | Became a worshipper of Warmaster Okawaru
  9300 | D:9      | Found a shimmering altar of Xom.
  9347 | D:10     | Entered Level 10 of the Dungeon
  9965 | D:10     | Killed an unseen horror
  9965 | D:10     | Reached * piety under Okawaru
  9965 | D:10     | Reached skill level 12 in Axes
 10579 | D:10     | Reached XP level 11. HP: 83/97 MP: 8/10
 10931 | D:11     | Noticed a skeletal warrior
 10934 | D:11     | Found a staircase to the Orcish Mines.
 10934 | D:11     | Noticed a skeletal warrior
 10940 | D:11     | Noticed a skeletal warrior
 10941 | D:11     | Noticed a skeletal warrior
 10945 | D:11     | Gained mutation: You have a pair of large horns on your head. [potion of mutation]
 10945 | D:11     | Gained mutation: You are partially covered in icy blue scales. (AC +2) [potion of mutation]
 10945 | D:11     | Gained mutation: You are somewhat resistant to further mutation. [potion of mutation]
 11471 | D:11     | Noticed an ogre mage
 11472 | D:11     | Noticed a red ugly thing
 11473 | D:11     | Noticed a deep elf mage
 11475 | D:11     | Noticed an ogre mage
 11505 | D:11     | Reached ** piety under Okawaru
 11520 | D:11     | Killed a deep elf mage
 11550 | D:11     | Killed a red ugly thing
 11577 | D:11     | Killed an ogre mage
 11587 | D:11     | Killed an ogre mage
 11587 | D:11     | Reached *** piety under Okawaru
 11587 | D:11     | Reached skill level 13 in Axes
 11640 | D:11     | Noticed a red ugly thing
 12222 | D:11     | Killed a skeletal warrior
 12222 | D:11     | Reached skill level 10 in Fighting
 12246 | D:11     | Killed a skeletal warrior
 12246 | D:11     | Reached skill level 10 in Armour
 12871 | D:11     | HP: 3/99 [red ugly thing (16)]
 13521 | D:11     | Killed a red ugly thing
 13521 | D:11     | Reached **** piety under Okawaru
 13659 | D:11     | Killed a skeletal warrior
 13659 | D:11     | Reached skill level 10 in Shields
 13675 | D:11     | Killed a skeletal warrior
 13675 | D:11     | Reached XP level 12. HP: 82/107 MP: 8/11
 13938 | Lair:1   | Entered Level 1 of the Lair of Beasts
 14086 | Lair:1   | Noticed Joseph
 14103 | Lair:1   | Killed Joseph
 14298 | Lair:1   | Noticed Sonja
 14307 | Lair:1   | Killed Sonja
 14307 | Lair:1   | Reached skill level 14 in Axes
 14354 | Lair:1   | Reached ***** piety under Okawaru
 14765 | Lair:1   | Noticed Fannar
 14777 | Lair:1   | Killed Fannar
 14777 | Lair:1   | Reached skill level 1 in Invocations
 15705 | Lair:2   | Noticed vogonpoet's ghost (journeyman MfSu)
 15728 | Lair:2   | Killed vogonpoet's ghost
 15728 | Lair:2   | Received a gift from Okawaru
 15740 | Lair:2   | Identified a +1 pair of boots of running (Okawaru gifted it to you on level 2 of the Lair of Beasts)
 17735 | Lair:4   | Noticed a seven-headed hydra
 17743 | Lair:4   | Killed a seven-headed hydra
 17743 | Lair:4   | Reached skill level 15 in Axes
 17743 | Lair:4   | Reached XP level 13. HP: 108/116 MP: 12/15
 17835 | Lair:4   | Found a staircase to the Swamp.
 18005 | Lair:4   | Found a hole to the Spider Nest.
 18369 | Lair:4   | Got a translucent ruby amulet
 18373 | Lair:4   | Identified the amulet "Teicotiz" {+Inv rF+ rC+ Regen+} (You found it on level 4 of the Lair of Beasts)
 18510 | Lair:5   | Noticed Josephine
 18524 | Lair:5   | Killed Josephine
 18818 | Lair:5   | Received a gift from Okawaru
 19062 | Lair:5   | Reached skill level 10 in Dodging
 19083 | Lair:5   | Reached skill level 16 in Axes
 19552 | Lair:5   | Reached ****** piety under Okawaru
 19752 | Lair:5   | Noticed Nessos
 19772 | Lair:5   | Killed Nessos
 20312 | Lair:6   | Entered Level 6 of the Lair of Beasts
 20529 | Lair:6   | Received a gift from Okawaru
 20618 | Lair:6   | Reached XP level 14. HP: 117/127 MP: 16/16
 21119 | Lair:6   | Identified a scroll of acquirement
 21236 | Lair:6   | Found a staircase to the Slime Pits.
 21863 | Lair:6   | Reached skill level 17 in Axes
 23746 | D:13     | Received a gift from Okawaru
 24735 | D:14     | Received a gift from Okawaru
 24756 | D:14     | Got a heavily runed scale mail {god gift}
 24767 | D:14     | Identified the +1 scale mail "Ceemmoda" {Str+3} (Okawaru gifted it to you on level 14 of the Dungeon)
 25090 | D:14     | Reached XP level 15. HP: 134/136 MP: 17/17
 25100 | D:14     | Found a gate to the Vaults.
 25116 | D:14     | Reached skill level 18 in Axes
 25506 | D:15     | Entered Level 15 of the Dungeon
 25680 | D:15     | Noticed Louise
 25686 | D:15     | Cast into level 2 of the Abyss (Louise)
 25699 | Abyss:2  | Noticed a daeva
 25730 | Abyss:2  | Killed a daeva
 25859 | Abyss:2  | Found a corrupted altar of Lugonu.
 26030 | Abyss:2  | Paralysed by accursed screaming for 1 turns
 26040 | Abyss:2  | Received a gift from Okawaru
 26102 | Abyss:2  | Noticed a bone dragon
 26121 | Abyss:2  | Killed a bone dragon
 26427 | D:15     | Escaped the Abyss
 26441 | D:15     | Killed Louise
 26642 | D:15     | Reached skill level 19 in Axes
 26865 | D:15     | Found a staircase to the Depths.
 27234 | D:11     | Received a gift from Okawaru
 27241 | Orc:1    | Entered Level 1 of the Orcish Mines
 27259 | Orc:1    | Reached XP level 16. HP: 94/146 MP: 18/18
 27664 | Orc:2    | Entered Level 2 of the Orcish Mines
 27754 | Orc:2    | Found Paorutre's Magic Scroll Emporium.
 27755 | Orc:2    | Found Jeschax's Assorted Antiques.
 27801 | Orc:2    | Found Zodghap's Armour Shop.
 27810 | Orc:2    | Found Taibb's General Store.
 27868 | Orc:2    | Bought a pair of jewelled gloves for 256 gold pieces
 27868 | Orc:2    | Bought a scroll of identify for 54 gold pieces
 27878 | Orc:2    | Identified the +1 pair of gloves "Alumaa" {rElec rPois MP+9 Str-5} (You bought it in a shop on level 2 of the Orcish Mines)
 27906 | Orc:2    | Bought a scroll of identify for 22 gold pieces
 27906 | Orc:2    | Bought a scroll of brand weapon for 220 gold pieces
 27906 | Orc:2    | Bought a scroll of enchant weapon for 82 gold pieces
 27906 | Orc:2    | Bought a scroll of recharging for 104 gold pieces
 27906 | Orc:2    | Bought a scroll of identify for 22 gold pieces
 27906 | Orc:2    | Bought a scroll of identify for 22 gold pieces
 27906 | Orc:2    | Bought a scroll of enchant weapon for 82 gold pieces
 27917 | Orc:2    | Found a staircase to the Elven Halls.
 27958 | Orc:2    | Bought a scroll of identify for 28 gold pieces
 27958 | Orc:2    | Bought a potion of might for 56 gold pieces
 27958 | Orc:2    | Bought a scroll of identify for 28 gold pieces
 28001 | Orc:2    | Found a roughly hewn altar of Beogh.
 28456 | Spider:1 | Entered Level 1 of the Spider Nest
 28516 | Spider:1 | Received a gift from Okawaru
 29124 | Spider:2 | Reached skill level 15 in Armour
 29158 | Spider:2 | Reached skill level 20 in Axes
 29821 | Spider:2 | Reached skill level 15 in Fighting
 29824 | Spider:2 | Received a gift from Okawaru
 29993 | Spider:2 | Reached XP level 17. HP: 156/156 MP: 19/19
 30063 | Spider:3 | Noticed Aizul
 30079 | Spider:3 | Killed Aizul
 30395 | Spider:3 | Reached skill level 15 in Shields
 31593 | Spider:4 | Entered Level 4 of the Spider Nest
 31604 | Spider:4 | Received a gift from Okawaru
 31699 | Spider:4 | Noticed Arachne
 31716 | Spider:4 | Killed Arachne
 31804 | Spider:4 | Noticed Kirke
 31833 | Spider:4 | Killed Kirke
 32186 | Spider:4 | Reached skill level 21 in Axes
 32768 | Spider:4 | Received a gift from Okawaru
 32782 | Spider:4 | Reached XP level 18. HP: 159/166 MP: 20/20
 32828 | Spider:4 | Got a gossamer rune of Zot
 33043 | Swamp:1  | Entered Level 1 of the Swamp
 33998 | Swamp:2  | Found a radiant altar of Vehumet.
 34984 | Swamp:3  | Noticed GordonOverkill's ghost (adept DECj)
 34991 | Swamp:3  | Noticed Bai Suzhen
 35008 | Swamp:3  | Killed Bai Suzhen
 35019 | Swamp:3  | Killed GordonOverkill's ghost
 35041 | Swamp:3  | Reached skill level 22 in Axes
 35593 | Swamp:4  | Entered Level 4 of the Swamp
 35795 | Swamp:4  | Received a gift from Okawaru
 36523 | Swamp:4  | Got a decaying rune of Zot
 37215 | Swamp:2  | Reached XP level 19. HP: 172/174 MP: 21/21
 37563 | Depths:1 | Entered Level 1 of the Depths
 37635 | Vaults:1 | Entered Level 1 of the Vaults
 37845 | Vaults:1 | Got a twisted chain mail
 37846 | Vaults:1 | Identified the cursed +0 chain mail "Ewnagyhy" {rElec rC+} (You found it on level 1 of the Vaults)
 38010 | Vaults:1 | Noticed Donald
 38026 | Vaults:1 | Killed Donald
 38139 | Vaults:1 | Received a gift from Okawaru
 38257 | Vaults:1 | Reached skill level 15 in Dodging
 38701 | Vaults:1 | Received a gift from Okawaru
 38768 | Vaults:1 | Reached skill level 23 in Axes
 39693 | Vaults:2 | Reached XP level 20. HP: 57/187 MP: 22/22
 40026 | Vaults:2 | Found a staircase to the Crypt.
 40026 | Vaults:2 | Found a basalt altar of Yredelemnul.
 40030 | Vaults:2 | Found an ancient bone altar of Kikubaaqudgha.
 40042 | Vaults:2 | Received a gift from Okawaru
 40223 | Vaults:2 | Found Vumnifuo's Armour Shop.
 40508 | Vaults:2 | Received a gift from Okawaru
 41781 | Vaults:3 | Reached skill level 24 in Axes
 41835 | Vaults:3 | Received a gift from Okawaru
 42702 | Vaults:4 | Found a roughly hewn altar of Beogh.
 42710 | Vaults:4 | Reached XP level 21. HP: 69/195 MP: 23/23
 43964 | Vaults:4 | Received a gift from Okawaru
 44704 | Vaults:5 | Entered Level 5 of the Vaults
 44714 | Vaults:5 | Received a gift from Okawaru
 44725 | Vaults:5 | Reached skill level 25 in Axes
 44741 | Vaults:5 | Noticed a golden dragon
 44757 | Vaults:5 | Killed a golden dragon
 44785 | Vaults:5 | Reached XP level 22. HP: 106/206 MP: 24/24
 44796 | Vaults:4 | Received a gift from Okawaru
 44933 | Vaults:5 | Noticed a golden dragon
 44935 | Vaults:5 | Noticed an ancient lich
 44944 | Vaults:5 | Noticed a golden dragon
 44954 | Vaults:5 | Killed a golden dragon
 44960 | Vaults:5 | Received a gift from Okawaru
 44977 | Vaults:5 | Paralysed by an ancient lich for 7 turns
 44978 | Vaults:5 | HP: 7/206 [stone giant (6)]
 44979 | Vaults:5 | HP: 1/206 [vault warden/battleaxe (7)]
 44979 | Vaults:5 | Mangled by a golden dragon

Vault maps used:
D:1:      dpeg_arrival_pits, tso_metal_star
D:2:      chequers_ecumenical_altar_lobes
D:3:      first_bread, wad_floor_pattern_untrapped, uniq_jessica
D:5:      nicolae_overflow_hidden_temple, minmay_misc_feat_nine_boxes
D:7:      lemuel_coloured_pillars_altar, the_bakery, kennysheep_generic_room_16
D:8:      lair_entry_dummy, hangedman_abyss_or_decor_passed, uniq_grum
D:9:      minitemple
D:10:     serial_bayou_crossing
D:11:     zombieorc1_lemuel, minivault_28
D:13:     hangedman_cross_stitches, lemuel_nasty_fountain
D:14:     lightli_vaults_fourway_checkpoint, minmay_misc_feat_five
D:15:     grunt_enter_depths_hoard, uniq_louise
Temple:   eino_temple_lava
Lair:1:   infiniplex_staircase_pool_2, uniq_sonja, uniq_joseph, uniq_fannar
Lair:2:   beast_lair_carwin_8
Lair:3:   serial_bayou_pond_a, nicolae_quartered_pool_little,
          minmay_stone_trees_small, beast_lair_carwin_3,
          infiniplex_staircase_pool, lemuel_fruit_fields
Lair:4:   swamp_mist, spider_nest_entry_rubble, minmay_lair_oklob_chamber,
          lemuel_fruit_fields, serial_bayou_shore_b
Lair:5:   regret_index_tunnel_blossom, uniq_nessos, uniq_josephine
Lair:6:   gammafunk_lair_ancient_temple, nicolae_slime_entry_slimehenge
Swamp:1:  evilmike_swamp_ruin_house_3
Swamp:2:  nicolae_swamp_stair_fork, nicolae_swamp_godswood, swamp_pool1,
          st_swamp_ruins_1
Swamp:3:  evilmike_swamp_ruin_house_2, uniq_bai_suzhen
Swamp:4:  swamp_alternative
Spider:2: nicolae_spider_mines_3
Spider:3: spider_trap, uniq_aizul
Spider:4: floodkiller_spider_rune_tomb, hangedman_spider_mandibles, uniq_kirke,
          uniq_arachne
Orc:1:    sword_in_stone
Orc:2:    st_orc_open, mines2_david
Vaults:1: st_lattice, vaults_room_grunt_arrival_checkpoint,
          nicolae_vaults_shelves_hall, hangedman_vaults_restitches,
          ontoclasm_vaults_idyll, ontoclasm_vaults_bender,
          ontoclasm_vaults_fault, vaults_room_fancy_cross, v_misc_26, v_misc_23,
          hangedman_vaults_nails, vaults_dpeg_cross, vaults_room_hallway,
          vaults_dpeg_ring, hangedman_vaults_cutoff,
          vaults_room_grunt_arrival_ludios, uniq_donald
Vaults:2: grunt_vaults_funneled_arena, vaults_dpeg_diagonal,
          minmay_crypt_entry_necro_gods, vaults_standard_mumra_x, v_pattern_3,
          vaults_room_corners, nicolae_vaults_little_squares_6, serial_shops,
          nicolae_shop_behind_doors
Vaults:3: hangedman_vaults_stream, nicolae_vaults_fighting_squares,
          vaults_dpeg_spiral, v_misc_8, v_misc_19, hangedman_vaults_restitches,
          nicolae_vaults_little_squares_1,
          nicolae_vaults_windows_and_doors_thing,
          hangedman_vaults_stretched_pinwheel, nicolae_vaults_big_ls,
          nicolae_vaults_network_square
Vaults:4: v_pattern_2, v_misc_29, v_misc_31, hangedman_vaults_snaps, v_misc_24,
          ontoclasm_vaults_twist, special_room_vaults, hangedman_vaults_locks,
          v_alt_pattern_6, ontoclasm_vaults_ligature
Vaults:5: serial_shops
Depths:1: grunt_metal_band, kennysheep_big_empty_room,
          nicolae_abyss_entry_one_way_or_another, minmay_misc_feat_room,
          st_stairs_10, minmay_misc_feat_hallway, kennysheep_inner_square

Skill      XL: |  1  2  3  4  5  6  7  8  9 10 11 12 13 14 15 16 17 18 19 20 21 22 |
---------------+-------------------------------------------------------------------+-----
Axes           | 3 4 5 6 7 9 10 12 13 15 16 17 19 20 21 22 23 24 25 | 25.7
Dodging        | 1 2 3 4 5 7 8 9 10 11 12 13 14 15 16 17 | 17.4
Fighting       | 4 5 6 7 9 10 11 12 13 14 15 16 17 18 19 | 19.6
Armour         | 4 5 6 7 9 10 11 12 13 14 15 16 17 18 19 | 19.8
Shields        | 4 5 6 7 8 10 11 12 13 14 15 16 17 18 19 | 19.1
Invocations    | 4 |  4.0

Action                   |  1- 3 |  4- 6 |  7- 9 | 10-12 | 13-15 | 16-18 | 19-21 | 22-24 || total
-------------------------+-------+-------+-------+-------+-------+-------+-------+-------++-------
Melee: War axe           |    98 |   115 |   307 |   581 |       |       |       |       ||  1101
       Headbutt          |    12 |    22 |    57 |   170 |   266 |   274 |   350 |    11 ||  1162
       Broad axe         |       |       |       |   258 |  1134 |  1350 |  1187 |    53 ||  3982
       Mace              |       |       |       |     5 |    43 |       |       |       ||    48
Invok: Heroism           |       |       |       |     1 |       |     1 |       |       ||     2
       Finesse           |       |       |       |       |     5 |     4 |     1 |     1 ||    11
Evoke: Wand              |       |       |       |     8 |       |       |       |     2 ||    10
  Use: Scroll            |     3 |    10 |     6 |    14 |    17 |     8 |     9 |     1 ||    68
       Potion            |       |       |     6 |    12 |    10 |     6 |     6 |     3 ||    43
 Stab: Invisible         |       |       |       |     3 |     2 |    23 |    33 |    32 ||    93
       Paralysed         |       |       |       |     2 |       |       |       |       ||     2
       Distracted        |       |       |       |       |     1 |       |     2 |       ||     3
       Confused          |       |       |       |       |       |     2 |       |       ||     2
  Eat: Chunk             |     2 |     4 |    14 |    32 |    20 |    20 |    23 |     1 ||   116
       Pizza             |       |       |     1 |     1 |     1 |     2 |       |       ||     5
       Beef jerky        |       |       |       |     2 |       |     1 |       |       ||     3
       Fruit             |       |       |       |     4 |       |     7 |       |       ||    11
       Bread ration      |       |       |       |     1 |       |       |       |       ||     1
       Royal jelly       |       |       |       |       |     5 |     1 |       |       ||     6
Armor: Scale mail        |    47 |    36 |    21 |       |       |       |       |       ||   104
       Chain mail        |       |       |    77 |   247 |   238 |       |       |       ||   562
       Plate armour      |       |       |       |       |   123 |   526 |   240 |    44 ||   933
       Skin              |       |       |       |       |     2 |       |       |       ||     2
Dodge: Dodged            |    20 |    22 |    98 |   275 |   525 |   819 |   440 |    68 ||  2267
Block: Shield            |    57 |    51 |   188 |   455 |   650 |   948 |   591 |    54 ||  2994
